AoeStats
← alexisvaldezgervacio8

Black Forest

510047449Analyzed
2v2 RM · 1d ago on Sep 29, 2026· 64m 2s· 4 players
Game mode
Random Map
Map size
Medium (4 player)
Population
200
Speed
Normal
Resources
Standard
Victory
Conquest
Starting age
Dark Age
Ending age
Imperial Age
RankedLock teamsTeams togetherTeam positionsShared explorationLock speedFull tech treeHidden civsTurbo modeCheats
Victory
Defeat
🇨🇱 Teutons · Chile
1078
+16
🇨🇱 Mapuche · Chile
1071
+16
🇹🇼 Danes · Taiwan
1085
-16
1065
-16
alexisvaldezgervacio8
0:49 Loom
12:17 Feudal Age
16:06 Castle Age
14:32 Double-Bit Axe
15:01 Horse Collar
16:46 Wheelbarrow
17:43 Bow Saw
17:50 Stone Mining
29:55 Imperial Age
28:46 Forging
28:26 Fletching
30:00 Bloodlines
30:33 Bodkin Arrow
32:03 Conscription
32:20 Elite Jarl
33:01 Bracer
33:08 Scale Barding Armor
34:09 Squires
33:55 Arson
34:11 Padded Archer Armor
35:23 Iron Casting
34:50 Husbandry
35:26 Chain Barding Armor
35:40 Vendel Legacy
35:43 Cavalier
38:23 Blast Furnace
42:50 Light Cavalry
47:57 Plate Barding Armor
49:43 Hussar
56:37 Scale Mail Armor
sky_wu
4:26 Loom
13:23 Feudal Age
14:36 Double-Bit Axe
21:13 Castle Age
22:25 Bow Saw
26:03 Pikeman
26:44 Squires
26:30 Arson
26:31 Gambesons
28:23 Scale Mail Armor
28:34 Forging
Gekyume
0:33 Loom
13:05 Feudal Age
17:17 Castle Age
46:32 Forging
46:23 Scale Mail Armor
46:36 Pikeman
47:01 Arson
48:20 Iron Casting
47:34 Double-Bit Axe
47:29 Horse Collar
51:36 Imperial Age
50:52 Bow Saw
51:06 Chain Mail Armor
52:53 Wheelbarrow
52:01 Halberdier
53:14 Plate Mail Armor
53:44 Blast Furnace
54:33 Hand Cart
56:04 Town Watch
57:10 Gold Mining
57:47 Elite Kona
pipe
1:37 Loom
14:33 Feudal Age
15:27 Horse Collar
15:34 Double-Bit Axe
19:50 Castle Age
21:13 Heavy Plow
22:55 Wheelbarrow
23:23 Bow Saw
24:16 Fortified Wall
25:08 Gold Mining
26:21 Hand Cart
30:32 Fervor
32:55 Imperial Age
33:03 Stone Mining
33:28 Crossbowman
33:38 Heavy Mounted Crossbowman
36:00 Two-Man Saw
36:11 Onager
37:18 Fletching
38:12 Conscription
39:14 Bodkin Arrow
39:20 Padded Archer Armor
40:38 Crop Rotation
42:09 Chemistry
42:44 Siege Onager
47:12 Elite Teutonic Knight
48:05 Forging
49:44 Iron Casting
50:47 Gambesons
51:03 Squires
50:48 Arson
53:00 Blast Furnace
52:00 Scale Mail Armor
63:05 Pikeman
Connection lost

Rejoining the realm…

Still unreachable

The connection could not be restored.

Session expired

The server has moved on; the page needs a fresh start.